 Dungeon Crawl Stone Soup version 0.26.1-11-gd32895ea62 (webtiles) character file.

Game seed: 11045290161381898740

252 dtburroughs the Chopper (level 5, -2/70 (72) HPs)
             Began as a Minotaur Berserker on June 13, 2021.
             Was a Believer of Trog.
             Slain by a wight
             ... wielding a +0 mace
              (5 damage)
             ... on level 3 of the Dungeon.
             The game lasted 00:03:19 (2899 turns).

dtburroughs the Chopper (Minotaur Berserker)        Turns: 2899, Time: 00:03:19

HP:   -2/70 (72)    AC:  5    Str: 21    XL:     5   Next: 89%
MP:   4/4           EV: 12    Int:  5    God:    Trog [**....]
Gold: 124           SH:  0    Dex: 10    Spells: 4/4 levels left

rFire    . . .     SeeInvis .   a - +0 hand axe
rCold    . . .     Faith    .   (no shield)
rNeg     . . .     Spirit   .   e - +0 ring mail
rPois    .         Reflect  .   (helmet restricted)
rElec    .         Harm     .   (no cloak)
rCorr    .         Rampage  .   (no gloves)
Will     .....                  (no boots)
Stlth    ..........             (no amulet)
HPRegen  0.21/turn              (no ring)
MPRegen  0.09/turn              (no ring)

@: berserking, lightly drained, very quick
A: retaliatory headbutt, horns 2
a: Renounce Religion, Berserk, Trog's Hand


You were on level 3 of the Dungeon.
You worshipped Trog.
Trog was pleased with you.
You visited 1 branch of the dungeon, and saw 3 of its levels.

You collected 124 gold pieces.

Inventory:

Hand Weapons
 a - a +0 hand axe (weapon)
Armour
 e - a +0 ring mail (worn)
Jewellery
 h - a cursed amulet of inaccuracy {unknown}
Scrolls
 b - a scroll of fog {unknown}
 c - 2 scrolls of identify {unknown}
 d - a scroll of teleportation {unknown}
Potions
 f - 2 potions of brilliance {unknown}
 g - a potion of ambrosia {unknown}
 i - a potion of heal wounds {unknown}
 j - a potion of mutation {unknown}


   Skills:
 + Level 5.0 Fighting
 + Level 5.1 Axes
 + Level 4.2 Armour
 + Level 3.9 Dodging


You had 4 spell levels left.
You didn't know any spells.
Your spell library was empty.

Dungeon Overview and Level Annotations

Branches:
Dungeon (3/15)

Altars:
Dithmenos
Qazlal


Innate Abilities, Weirdness & Mutations

You reflexively headbutt those who attack you in melee.
You have a pair of horns on your head.


Message History

You feel drained.
* * * LOW HITPOINT WARNING * * *
A red film seems to cover your vision as you go berserk!
You feel yourself moving faster!
You feel mighty!
You barely miss the wight. The wight barely misses you.
You furiously retaliate!
You headbutt the wight! You hit the wight.
You destroy the wight!
Trog accepts your kill.
Your life force feels restored.
Your Fighting skill increases to level 5!
Your Axes skill increases to level 5!
You barely miss the wight. You barely miss the wight.
The wight hits you with a +0 mace.
* * * LOW HITPOINT WARNING * * *
You feel drained.
You hit the wight.
The wight is lightly damaged.
The wight hits you with a +0 mace.
You die...

#..# #.#
#.####..###.# #..
..... ..# ...
#..# #.# #..
#..###.####.# ##
#.# #...........#
#. #.#
#.####.######
##.###.####.# #z#
....##.##.#.# #@#
##..##.#.#..# #.#
........###.# #.#
##..##.## ...#
#.#####
#..###.#.#.##
#.....#
#.....(...##
#.###.#
#(.)####.## #.#
#.#
#...###########.#
#.#
#..........<....#
#.#


You could see a wight.

Vanquished Creatures
  A centaur (D:3)
  2 wights (D:3)
  3 adders
  2 worms
  3 giant cockroaches
  11 goblins
  9 hobgoblins
  4 jackals (D:2)
  3 kobolds
  2 quokkas (D:2)
  2 ball pythons
  5 bats
  6 frilled lizards
  5 rats
58 creatures vanquished.

Notes
Turn   | Place    | Note
-------+----------+-------------------------------------------
     0 | D:1      | dtburroughs the Minotaur Berserker began the quest for the
                  | Orb.
     0 | D:1      | Reached XP level 1. HP: 19/19 MP: 0/0
   171 | D:1      | Reached XP level 2. HP: 24/27 MP: 1/1
  1201 | D:2      | Reached XP level 3. HP: 33/33 MP: 2/2
  1218 | D:2      | Reached ** piety under Trog
  1520 | D:2      | Found a stormy altar of Qazlal.
  1718 | D:2      | Found a shadowy altar of Dithmenos.
  2076 | D:3      | Reached XP level 4. HP: 38/40 MP: 3/3
  2344 | D:3      | Noticed a centaur
  2360 | D:3      | HP: 1/61 [centaur (5)]
  2361 | D:3      | Killed a centaur
  2362 | D:3      | Reached XP level 5. HP: 2/47 MP: 4/4
  2897 | D:3      | Reached skill level 5 in Fighting
  2897 | D:3      | Reached skill level 5 in Axes
  2898 | D:3      | HP: 2/72 [wight/+0 mace (4)]
  2899 | D:3      | Slain by a wight

Illustrated notes

Levels and vault maps discovered:
D:1:      minmay_arrival_three_doors, layout_loops_ring, serial_forest,
          infiniplex_forest_corner_1, infiniplex_forest_lined_room_2,
          infiniplex_forest_corner_1, infiniplex_forest_lined_1,
          infiniplex_forest_clump_cross, infiniplex_forest_zigzag_1,
          infiniplex_forest_corner_2, infiniplex_forest_lined_3_way,
          infiniplex_forest_zigzag_1, minmay_fountain_box
D:2:      layout_rooms, nicolae_qazlal_eye_of_the_storm, grunt_dithmenos_smoke
D:3:      layout_loops_ring, lemuel_zombie_altar_yredelemnul

Skill      XL: |  1  2  3  4  5 |
---------------+----------------+-----
Axes           | 4 5 |  5.1
Fighting       | 4 5 |  5.0
Armour         | 3 4 |  4.2
Dodging        | 3 |  3.9

Action                   |  1- 3 |  4- 6 || total
-------------------------+-------+-------++-------
Melee: Hand axe          |    85 |    35 ||   120
       Headbutt          |    11 |     7 ||    18
Invok: Berserk           |       |     2 ||     2
Armor: Animal skin       |     8 |       ||     8
       Ring mail         |    24 |     7 ||    31
Dodge: Dodged            |    69 |    25 ||    94
